Map: [ESL] Data-C

Players

KingCobra - Winner!

  • Race: Protoss Protoss
  • Spawn Location: 3:00

ShaDoWn

  • Race: Protoss Protoss
  • Spawn Location: 9:00

Event: DreamHack SC2 Masters 2022 Atlanta (Online)

VOD

Have the link to the VOD?

Description

Time

  • Played on: Oct. 1, 2022, 2:27 p.m.
  • Length: 19:36

All games in this series

Show
View Real Time Build Order
Export as new Build Order

KingCobra Protoss - Winner!

Build Orders: Oracle Opening, Carriers 

Get SALT Encoding   

  12  0:00  Probe  
  13  0:12  Probe  
  14  0:17  Pylon  
  14  0:24  Probe  
  15  0:35  Gateway  
  15  0:36  Probe (Chrono Boost)  
  16  0:46  Probe (Chrono Boost), Assimilator  
  17  0:51  Probe (Chrono Boost)  
  18  0:58  Pylon  
  18  1:03  Probe (Chrono Boost)  
  19  1:05  Assimilator  
  19  1:13  Probe (Chrono Boost)  
  19  1:17  Probe (Chrono Boost)  
  20  1:22  Cybernetics Core  
  21  1:29  Probe  
  22  1:41  Probe  
  22  1:46  Zealot  
  25  1:54  Probe  
  26  2:07  Stargate  
  26  2:13  Stalker (Chrono Boost)  
  26  2:14  Pylon  
  28  2:30  Nexus  
  28  2:40  Sentry  
  29  2:48  Pylon  
  29  2:58  Shield Battery  
  29  3:03  Oracle (Chrono Boost)  
  29  3:06  Stalker  
  34  3:16  Probe  
  35  3:24  Robotics Facility  
  35  3:31  Probe  
  36  3:43  Probe  
  37  3:48  Probe  
  37  3:49  Oracle  
  41  3:55  Probe  
  42  4:12  Immortal  
  42  4:14  Probe (Chrono Boost)  
  42  4:15  Probe (Chrono Boost)  
  48  4:20  Pylon  
  50  4:25  Probe x2 (Chrono Boost)  
  50  4:30  Probe x2 (Chrono Boost)  
  50  4:33  Assimilator  
  50  4:37  Assimilator, Pylon  
  52  4:41  Probe x2  
  54  4:53  Probe x2  
  54  4:54  Fleet Beacon  
  56  5:04  Immortal  
  61  5:08  Probe (Chrono Boost)  
  61  5:11  Probe (Chrono Boost)  
  62  5:17  Probe (Chrono Boost)  
  62  5:20  Probe (Chrono Boost)  
  64  5:22  Shield Battery, Probe (Chrono Boost)  
  64  5:28  Pylon  
  65  5:34  Forge, Probe  
  65  5:35  Probe  
  67  5:39  Mothership (Chrono Boost)  
  67  5:45  Observer  
  77  6:00  Probe (Chrono Boost)  
  77  6:01  Pylon  
  77  6:02  Observer  
  77  6:08  Probe (Chrono Boost)  
  77  6:10  Protoss Ground Weapons Level 1  
  78  6:12  Photon Cannon  
  78  6:14  Shield Battery  
  78  6:19  Immortal  
  78  6:22  Photon Cannon  
  82  6:29  Probe (Chrono Boost), Pylon  
  83  6:45  Probe (Chrono Boost)  
  84  6:47  Carrier, Photon Cannon  
  84  6:49  Shield Battery  
  84  6:51  Pylon  
  90  7:06  Photon Cannon  
  90  7:21  Probe  
  90  7:22  Protoss Air Weapons Level 1  
  91  7:23  Probe  
  92  7:30  Robotics Bay  
  92  7:31  Pylon x2  
  92  7:38  Immortal  
  92  7:40  Nexus  
  92  7:41  Pylon  
  96  7:45  Probe  
  96  7:48  Pylon  
  96  7:50  Shield Battery  
  97  7:51  Shield Battery  
  97  7:52  Photon Cannon  
  97  7:53  Photon Cannon  
  97  8:00  Carrier (Chrono Boost)  
  103  8:06  Probe x2  
  105  8:14  Photon Cannon  
  105  8:15  Shield Battery  
  105  8:24  Disruptor (Chrono Boost)  
  105  8:27  Probe x2  
  105  8:33  Stargate  
  110  8:35  Assimilator  
  110  8:39  Assimilator  
  110  8:44  Photon Cannon  
  110  8:45  Photon Cannon  
  110  8:54  Photon Cannon  
  110  8:56  Disruptor  
  110  9:02  Carrier (Chrono Boost)  
  112  9:32  Disruptor  
  112  9:37  Photon Cannon  
  115  9:40  Photon Cannon  
  115  9:42  Shield Battery, Pylon  
  115  9:43  Carrier (Chrono Boost)  
  121  9:52  Protoss Air Weapons Level 2 (Chrono Boost)  
  115  10:07  Disruptor  
  115  10:13  Carrier (Chrono Boost)  
  117  10:19  Photon Cannon  
  117  10:20  Shield Battery  
  123  10:23  Probe x2  
  123  10:25  Probe  
  126  10:35  Probe  
  126  10:44  Probe x2  
  128  10:59  Carrier (Chrono Boost), Probe x2  
  128  11:00  Probe  
  137  11:11  Carrier (Chrono Boost)  
  137  11:15  Stargate  
  137  11:16  Pylon  
  137  11:18  Pylon  
  143  11:26  Probe x2  
  143  11:27  Probe  
  143  11:30  Pylon  
  146  11:40  Observer  
  146  11:43  Probe x2, Photon Cannon  
  146  11:45  Shield Battery  
  149  11:55  Anion Pulse-Crystals  
  149  12:07  Carrier x2  
  161  12:31  Phoenix  
  161  12:33  Stargate  
  163  12:52  Protoss Air Weapons Level 3 (Chrono Boost)  
  163  12:55  Phoenix  
  163  12:57  Nexus  
  165  12:59  Pylon  
  165  13:11  Phoenix (Chrono Boost)  
  165  13:12  Phoenix (Chrono Boost)  
  169  13:20  Phoenix (Chrono Boost)  
  169  13:23  Phoenix (Chrono Boost)  
  173  13:31  Photon Cannon  
  173  13:33  Phoenix x2 (Chrono Boost), Probe x2, Photon Cannon  
  179  13:35  Shield Battery  
  179  13:38  Assimilator  
  179  13:39  Phoenix (Chrono Boost)  
  179  13:41  Assimilator  
  181  13:44  Pylon  
  181  13:45  Pylon  
  181  14:02  Phoenix x3  
  187  14:17  Phoenix  
  187  14:21  Probe  
  187  14:22  Probe  
  189  14:27  Phoenix x2  
  193  14:36  Phoenix  
  195  14:45  Phoenix  
  193  14:54  Phoenix x2  
  197  15:12  Phoenix  
  199  15:16  Protoss Shields Level 1  
  197  15:29  Protoss Air Armor Level 1  
  197  15:35  Phoenix x2  
  183  15:56  Phoenix x2  
  187  16:00  Phoenix  
  181  16:22  Phoenix x2  
  181  16:23  Phoenix  
  146  16:49  Mothership (Chrono Boost)  
  133  17:05  Disruptor (Chrono Boost)  
  133  17:07  Carrier (Chrono Boost)  
  133  17:08  Carrier (Chrono Boost)  
  153  17:18  Carrier (Chrono Boost)  
  153  17:25  Carrier (Chrono Boost)  
  159  17:33  Photon Cannon  
  159  17:35  Shield Battery  
  159  17:36  Pylon  
  159  17:41  Disruptor (Chrono Boost)  
  162  17:49  Photon Cannon  
  162  17:50  Photon Cannon  
  162  17:52  Pylon  
  159  18:17  Carrier x2 (Chrono Boost)  
  165  18:24  Carrier (Chrono Boost)  
  177  18:42  Observer  
  178  19:17  Nexus  
  178  19:20  Pylon  
  178  19:22  Pylon  
  175  19:25  Assimilator  
  172  19:30  Assimilator  
Show
View Real Time Build Order
Export as new Build Order

ShaDoWn Protoss 

Build Orders: Blink Stalkers 

Get SALT Encoding   

  12  0:00  Probe  
  13  0:12  Probe  
  14  0:17  Pylon  
  14  0:24  Probe  
  15  0:35  Gateway  
  15  0:37  Probe (Chrono Boost)  
  16  0:46  Probe (Chrono Boost), Assimilator  
  17  0:51  Probe (Chrono Boost)  
  18  1:03  Probe (Chrono Boost)  
  19  1:04  Assimilator  
  19  1:10  Gateway  
  19  1:13  Probe (Chrono Boost)  
  19  1:18  Probe (Chrono Boost)  
  20  1:25  Cybernetics Core  
  21  1:30  Probe  
  22  1:35  Pylon  
  22  1:42  Probe  
  23  1:54  Probe  
  24  2:01  Stalker x2  
  24  2:06  Pylon  
  28  2:08  Warp Gate  
  28  2:11  Probe  
  28  2:23  Probe  
  29  2:33  Pylon  
  29  2:35  Probe  
  30  2:47  Probe  
  31  2:52  Nexus  
  31  2:59  Probe  
  31  3:00  Twilight Council  
  32  3:06  Stalker  
  32  3:11  Probe  
  32  3:12  Sentry  
  37  3:19  Pylon  
  37  3:24  Probe  
  38  3:33  Blink (Chrono Boost)  
  38  3:36  Probe  
  39  3:48  Probe  
  40  3:55  Shield Battery  
  40  3:58  Stalker  
  40  4:00  Probe (Chrono Boost), Stalker  
  44  4:10  Probe (Chrono Boost)  
  44  4:11  Probe (Chrono Boost)  
  44  4:17  Probe (Chrono Boost)  
  44  4:22  Probe (Chrono Boost)  
  48  4:32  Probe x2 (Chrono Boost)  
  49  4:39  Nexus  
  49  4:40  Probe (Chrono Boost)  
  49  4:42  Probe (Chrono Boost)  
  49  4:45  Stalker  
  52  4:48  Probe (Chrono Boost)  
  52  4:49  Probe (Chrono Boost)  
  52  4:52  Stalker  
  56  4:58  Probe  
  57  5:00  Probe  
  57  5:07  Pylon  
  58  5:10  Probe  
  58  5:11  Pylon  
  59  5:14  Probe  
  59  5:17  Forge, Stalker  
  62  5:26  Stalker  
  64  5:29  Assimilator  
  64  5:30  Probe  
  64  5:31  Probe, Gateway  
  66  5:37  Charge (Chrono Boost)  
  66  5:42  Probe  
  67  5:43  Probe, Stalker  
  67  5:48  Protoss Ground Weapons Level 1 (Chrono Boost)  
  70  5:51  Stalker  
  70  5:53  Probe (Chrono Boost)  
  70  5:55  Probe (Chrono Boost)  
  75  5:59  Probe (Chrono Boost)  
  75  6:00  Pylon  
  75  6:04  Phoenix, Probe x2 (Chrono Boost)  
  77  6:08  Probe x2 (Chrono Boost), Stalker  
  77  6:09  Probe (Chrono Boost)  
  81  6:18  Probe, Gateway  
  83  6:19  Probe  
  83  6:21  Probe  
  83  6:24  Pylon  
  85  6:26  Stalker x2  
  85  6:30  Probe  
  90  6:33  Stalker  
  90  6:34  Probe  
  94  6:41  Nexus  
  94  6:44  Pylon  
  93  6:50  Pylon  
  93  6:52  Stalker x2  
  93  6:53  Probe  
  98  7:01  Probe  
  98  7:04  Probe  
  100  7:09  Stalker  
  100  7:11  Probe  
  104  7:16  Photon Cannon, Stalker x2  
  104  7:18  Robotics Facility  
  109  7:24  Gateway  
  109  7:25  Gateway  
  109  7:27  Gateway  
  109  7:29  Gateway  
  107  7:35  Stalker  
  109  7:38  Probe  
  109  7:40  Stalker x2  
  109  7:43  Probe  
  115  7:49  Gateway  
  115  7:50  Gateway, Probe  
  115  7:51  Probe  
  117  7:55  Pylon  
  117  7:57  Pylon  
  117  7:59  Zealot  
  117  8:01  Pylon  
  117  8:02  Warp Prism (Chrono Boost)  
  119  8:10  Zealot x2  
  125  8:15  Protoss Ground Weapons Level 2 (Chrono Boost)  
  125  8:18  Gateway  
  125  8:20  Zealot x3  
  125  8:23  Gateway  
  125  8:25  Zealot  
  125  8:26  Pylon  
  133  8:28  Zealot  
  133  8:30  Zealot x2  
  139  8:41  Observer (Chrono Boost)  
  140  8:44  Zealot  
  142  8:52  Nexus  
  142  8:53  Probe  
  142  8:54  Observer (Chrono Boost), Pylon  
  144  8:56  Probe  
  144  9:02  Zealot x7  
  157  9:03  Zealot  
  157  9:08  Probe, Pylon  
  158  9:12  Probe  
  158  9:13  Zealot x2  
  158  9:14  Probe  
  158  9:15  Probe  
  157  9:19  Zealot  
  157  9:20  Probe  
  148  9:24  Zealot x4, Probe  
  148  9:25  Stargate  
  148  9:27  Probe  
  152  9:34  Probe x2, Protoss Air Weapons Level 1 (Chrono Boost)  
  152  9:35  Zealot x4  
  160  9:40  Zealot x3  
  166  9:58  Probe x3  
  166  9:59  Assimilator x2  
  165  10:01  Zealot x3, Probe  
  165  10:02  Zealot x4  
  173  10:10  Zealot x4  
  173  10:13  Observer  
  171  10:18  Cybernetics Core  
  171  10:21  Pylon  
  171  10:22  Zealot x4, Pylon  
  179  10:29  Stargate  
  179  10:31  Fleet Beacon  
  179  10:32  Stargate  
  179  10:33  Probe  
  179  10:35  Probe  
  179  10:36  Probe  
  179  10:37  Probe  
  179  10:39  Probe  
  176  10:45  Probe  
  174  10:50  Stargate, Probe  
  174  10:53  Oracle, Stargate  
  174  10:56  Stargate  
  174  11:00  Protoss Air Armor Level 1 (Chrono Boost)  
  174  11:03  Protoss Shields Level 1 (Chrono Boost), Stargate  
  166  11:05  Stargate  
  166  11:10  Forge  
  166  11:24  Tempest x2 (Chrono Boost)  
  166  11:27  Pylon  
  166  11:29  Nexus  
  166  11:30  Assimilator x2  
  166  11:32  Shield Battery  
  176  11:33  Photon Cannon x2  
  176  11:38  Protoss Air Weapons Level 2  
  176  11:39  Assimilator  
  176  11:40  Shield Battery  
  176  11:41  Photon Cannon, Assimilator  
  176  11:42  Photon Cannon  
  176  11:53  Pylon  
  177  11:56  Assimilator  
  177  12:03  Tempest (Chrono Boost)  
  182  12:12  Tempest (Chrono Boost)  
  178  12:23  Zealot, Stalker x2, Pylon  
  178  12:27  Assimilator  
  187  12:37  Tempest (Chrono Boost)  
  187  12:42  Photon Cannon  
  191  12:58  Tempest (Chrono Boost)  
  191  13:00  Tempest (Chrono Boost)  
  188  13:08  Robotics Bay  
  193  13:18  Tempest (Chrono Boost)  
  177  13:28  Pylon  
  177  13:29  Protoss Air Armor Level 2 (Chrono Boost)  
  182  13:36  Oracle (Chrono Boost)  
  182  13:39  Tempest (Chrono Boost)  
  182  13:40  Assimilator  
  182  13:41  Tempest (Chrono Boost)  
  185  13:47  Tempest  
  185  13:48  Photon Cannon  
  182  13:49  Nexus, Tempest  
  182  13:55  Oracle  
  186  13:59  Shield Battery, Nexus, Photon Cannon  
  186  14:00  Protoss Shields Level 2 (Chrono Boost)  
  186  14:01  Photon Cannon  
  186  14:02  Photon Cannon  
  185  14:08  Tempest  
  189  14:14  Pylon  
  189  14:16  Tempest, Assimilator  
  194  14:24  Tempest  
  199  14:30  Tempest  
  200  14:33  Pylon  
  200  14:35  Shield Battery  
  200  14:37  Photon Cannon x2  
  200  14:40  Photon Cannon  
  200  14:43  Robotics Facility  
  198  14:53  Pylon  
  198  14:56  Assimilator  
  198  15:04  Protoss Air Weapons Level 3 (Chrono Boost), Pylon  
  198  15:12  Observer  
  190  15:22  Tempest x2  
  190  15:28  Zealot x2  
  200  15:30  Zealot x5  
  200  15:34  Observer  
  186  15:36  Tempest x2  
  186  15:37  Zealot  
  186  15:38  Zealot  
  196  15:46  Oracle  
  199  15:51  Pylon  
  199  15:55  Protoss Air Armor Level 3 (Chrono Boost)  
  199  15:56  Oracle  
  191  16:06  Stalker x4  
  189  16:15  Zealot x5  
  187  16:24  Unknown  
  176  16:29  Stalker x3  
  143  16:36  Probe  
  125  16:41  Stalker x2  
  125  16:46  Stalker x3  
  91  17:07  Stalker x3  
  97  17:10  Probe x2 (Chrono Boost)  
  97  17:12  Probe (Chrono Boost)  
  97  17:14  Probe x2 (Chrono Boost)  
  103  17:19  Probe (Chrono Boost)  
  103  17:20  Probe (Chrono Boost)  
  103  17:22  Probe (Chrono Boost)  
  105  17:23  Stalker x3  
  105  17:25  Probe (Chrono Boost)  
  105  17:26  Probe (Chrono Boost)  
  111  17:30  Probe (Chrono Boost)  
  111  17:31  Probe x2 (Chrono Boost)  
  111  17:32  Probe (Chrono Boost)  
  111  17:33  Probe (Chrono Boost)  
  113  17:38  Probe (Chrono Boost)  
  113  17:43  Stalker x3  
  105  17:45  Probe (Chrono Boost)  
  105  17:48  Probe (Chrono Boost)  
  105  17:50  Probe (Chrono Boost)  
  110  17:52  Probe x2 (Chrono Boost)  
  110  17:53  Stalker  
  110  17:54  Stalker  
  110  17:58  Probe (Chrono Boost)  
  115  17:59  Stalker  
  115  18:00  Probe (Chrono Boost)  
  116  18:08  Templar Archives  
  116  18:10  Probe (Chrono Boost)  
  112  18:14  Oracle, Probe (Chrono Boost)  
  112  18:15  Probe (Chrono Boost)  
  117  18:20  Probe (Chrono Boost)  
  117  18:22  Stalker x3  
  123  18:27  Sentry  
  123  18:32  Probe (Chrono Boost)  
  123  18:37  Probe (Chrono Boost)  
  122  18:49  Probe (Chrono Boost)  
  122  18:51  Stalker x2  
  122  18:52  Stalker x3  
  102  19:02  Stalker  
  105  19:11  Probe (Chrono Boost)  
  105  19:14  Probe (Chrono Boost)  
  105  19:17  Stalker x5  
  99  19:18  Probe (Chrono Boost)  
  99  19:22  Probe (Chrono Boost)  
  99  19:23  Probe (Chrono Boost)  
  100  19:24  Probe (Chrono Boost)  
Tags
 
Add a new tag
Caveats
  • Supply blocks, unpowered buildings, or Contaminate may cause inaccurate times.
  • Supply counts are checked every 10 seconds.